 Dungeon Crawl Stone Soup version 0.17-a0-1115-g0372368 (webtiles) character file.

13610 ataraxiacalls the Cleaver (level 11, -3/83 HPs)
             Began as a Demonspawn Berserker on May 22, 2015.
             Was an Elder of Trog.
             Slain by Snorg (7 damage)
             ... on level 10 of the Dungeon.
             The game lasted 00:08:19 (10757 turns).

ataraxiacalls the Cleaver (Demonspawn Berserker)   Turns: 10757, Time: 00:08:19

Health: -3/83      AC: 17    Str: 21    XL:     11   Next: 77%
Magic:  11/11      EV:  7    Int:  8    God:    Trog [****..]
Gold:   0          SH:  0    Dex: 13    Spells: 0 memorised, 10 levels left

rFire  . . .     SeeInvis +     m - +0 battleaxe
rCold  . . .     Clarity  .     b - +0 plate armour
rNeg   . . .     SustAt   .     (no shield)
rPois  .         Gourm    .     (helmet unavailable)
rElec  .         Spirit   .     h - +0 cloak {+Inv}
rCorr  .         Warding  .     (no gloves)
rMut   .         Stasis   .     f - +0 pair of boots
MR     .....                    (no amulet)
Stlth  ..........               (no ring)
                                k - +1 ring of protection

@: lethally poisoned (-3 -> -21), exhausted, slowed, very slow, not resistant to
hostile enchantments, extremely unstealthy
A: antennae 3, demonic guardian 1, powered by pain 2
a: Burn Spellbooks, Berserk, Trog's Hand, Brothers in Arms, Renounce Religion,
Evoke Invisibility


You were on level 10 of the Dungeon.
You worshipped Trog.
Trog was greatly pleased with you.
You were not hungry.

You visited 1 branch of the dungeon, and saw 10 of its levels.


Innate Abilities, Weirdness & Mutations

You have a pair of large antennae on your head (SInv).
A weak demonic guardian rushes to your aid.
You sometimes gain power by taking damage.


   Skills:
 + Level 6.9 Fighting
 + Level 14.6 Axes
 - Level 8.2 Armour
 - Level 1.7 Dodging


You had 10 spell levels left.
You didn't know any spells.

Inventory:

Hand weapons
 m - a +0 battleaxe (weapon)
Missiles
 c - 2 tomahawks (quivered)
Armour
 b - a +0 plate armour (worn)
 f - a +0 pair of boots (worn)
 h - a +0 cloak of invisibility (worn)
Jewellery
 k - a +1 ring of protection (left hand)
Scrolls
 d - 2 scrolls of identify
 j - 2 scrolls of remove curse
Potions
 a - 5 potions of curing
 n - 2 potions of cancellation
Comestibles
 e - 4 bread rations
 p - 3 meat rations

Dungeon Overview and Level Annotations

Branches:
Dungeon (10/15)            Temple (0/1) D:7
   Lair: D:8-11         Orc: D:9-12

Altars:
Cheibriados
Kikubaaqudgha
Sif Muna
Trog
Vehumet
Xom
Zin
The Shining One

Shops:
D:5 !   D:8 :

Annotations:
D:10 Snorg, Sonja


Message History

You hit the killer bee.
The killer bee is heavily wounded.
You slash Snorg!
Snorg is lightly wounded.
You barely miss the killer bee. You closely miss the killer bee.
You miss the killer bee.
You feel very sick. The killer bee stings you.
The killer bee stings you but does no damage.
Your ogre barely misses the killer bee.
The killer bee closely misses you. The killer bee closely misses you. x2
The killer bee stings you but does no damage.
Snorg bites you but does no damage. Snorg claws you! Snorg claws you.
The killer bee stings you but does no damage. x4
Your crimson imp closely misses the killer bee.
Your ogre hits the killer bee with a giant club!!
The killer bee dies!
Trog accepts your kill. Snorg bites you but does no damage. Snorg claws you!
You die...

...............
...............
...............
...............
...............
...............
.....5hyy......
......%@y......
......TO.......
...............
...............
...............
...............
...............
...............


You could see Snorg (berserk), 3 killer bees, a jackal, a friendly ogre
(berserk) and a friendly crimson imp.

Vanquished Creatures
  Erolcha (D:9)
  An efreet (D:9)
  A troll (D:8)
  The ghost of AnnoyedKobold the Conjurer, an average DrCj of Vehumet (D:5)
  Sigmund (D:6)
  A deep elf mage (D:9)
  A wyvern (D:8)
  A hippogriff (D:7)
  A steam dragon (D:7)
  5 orc warriors
  2 black bears (D:9)
  A sky beast (D:4)
  4 ogres
  3 ice beasts
  3 centaurs
  A phantom (D:4)
  A big kobold (D:9)
  4 giant frogs
  A scorpion (D:7)
  8 killer bees
  11 wights
  A jelly (D:9)
  2 crimson imps
  4 hounds
  An orc priest (D:9)
  A giant frog skeleton (D:4)
  4 iguanas
  Crazy Yiuf (D:7)
  10 orc wizards
  A centaur skeleton (D:8)
  6 worker ants
  A hound skeleton (D:9)
  15 adders
  A worker ant zombie (D:9)
  11 gnolls
  4 worms
  32 orcs
  4 ball pythons
  8 giant cockroaches
  14 hobgoblins
  14 jackals
  5 quokkas
  13 bats
  7 giant geckos
  A giant gecko zombie (D:8)
  3 giant newts
  11 goblins
  20 kobolds
  2 quokka zombies
  19 rats
269 creatures vanquished.

Vanquished Creatures (collateral kills)
  A hill giant (D:10)
  A hippogriff (D:8)
  A phantom (D:10)
  A scorpion (D:4)
  A killer bee (D:10)
  2 jellies
  2 orc wizards
  A hound skeleton (D:7)
  3 orcs
  2 jackals
  A bat (D:9)
  A kobold (D:9)
17 creatures vanquished.

Vanquished Creatures (others)
  A two-headed ogre (D:10)
  5 crimson imps
  6 quasits
  5 iron imps
  8 white imps
  7 ufetubi
32 creatures vanquished.

Grand Total: 318 creatures vanquished

Notes
Turn   | Place    | Note
--------------------------------------------------------------
     0 | D:1      | ataraxiacalls the Demonspawn Berserker began the quest for the Orb.
     0 | D:1      | Reached XP level 1. HP: 18/18 MP: 1/1
     0 | D:1      | 0 ||| counter = 1
   139 | D:1      | Reached skill level 3 in Axes
   185 | D:1      | 185 ||| INVOKING Berserk.
   186 | D:1      | Gained mutation: A weak demonic guardian rushes to your aid. [demonic ancestry]
   186 | D:1      | Reached XP level 2. HP: 13/24 MP: 2/2
  1038 | D:1      | 1038 ||| UPGRADING to scale mail.
  1048 | D:1      | 1048 ||| DROPPING +0 animal skin.
  1049 | D:1      | 1049 ||| READING scroll labeled XARGHU TOYVEUZ.
  1050 | D:1      | 1050 ||| READING scroll labeled WASOVAU VIUL.
  1054 | D:1      | 1054 ||| READING scroll labeled IPRAVUOVIO.
  1146 | D:2      | 1146 ||| INVOKING Berserk.
  1150 | D:2      | Reached XP level 3. HP: 15/29 MP: 3/3
  1156 | D:2      | HP: 7/29 [poisoned by an adder]
  1161 | D:2      | HP: 5/29 [poisoned by an adder]
  1168 | D:2      | HP: 3/29 [poisoned by an adder]
  1504 | D:2      | 1504 ||| EATING beef jerky.
  1590 | D:2      | 1590 ||| INVOKING Berserk.
  1595 | D:2      | HP: 10/43 [adder (2)]
  1600 | D:2      | HP: 8/43 [poisoned by an adder]
  1601 | D:2      | Reached skill level 4 in Axes
  1792 | D:2      | 1792 ||| EATING 5 fruits.
  1898 | D:2      | 1898 ||| EATING 4 fruits.
  1963 | D:2      | 1963 ||| INVOKING Berserk.
  2005 | D:2      | 2005 ||| EATING 3 fruits.
  2178 | D:2      | Acquired Trog's second power
  2409 | D:2      | 2409 ||| EATING 2 fruits.
  2463 | D:2      | 2463 ||| INVOKING Berserk.
  2469 | D:2      | Reached XP level 4. HP: 35/35 MP: 4/4
  2553 | D:2      | Found a glowing golden altar of the Shining One.
  2671 | D:2      | 2671 ||| READING scroll labeled FENLUO HOITUR.
  2672 | D:2      | 2672 ||| READING 2 scrolls labeled UMOYQI UNKOIT.
  2673 | D:2      | 2673 ||| DRINKING 4 fuming black potions.
  2674 | D:2      | 2674 ||| READING scroll of identify.
  2674 | D:2      | 2674 ||| IDENTIFYING thick sapphire amulet
  2675 | D:2      | 2675 ||| DROPPING amulet of the gourmand.
  2692 | D:3      | 2692 ||| STAIRDANCE
  2705 | D:3      | 2705 ||| INVOKING Berserk.
  2719 | D:3      | Reached skill level 5 in Axes
  2751 | D:3      | 2751 ||| INVOKING Berserk.
  2912 | D:3      | Found a deep blue altar of Sif Muna.
  2916 | D:3      | 2916 ||| INVOKING Burn Spellbooks.
  2922 | D:3      | 2922 ||| INVOKING Burn Spellbooks.
  2923 | D:3      | Found an ancient bone altar of Kikubaaqudgha.
  2923 | D:3      | Found a radiant altar of Vehumet.
  2924 | D:3      | 2924 ||| INVOKING Burn Spellbooks.
  3009 | D:3      | 3009 ||| READING scroll of enchant weapon.
  3009 | D:3      | 3009 ||| ENCHANTING +1 hand axe.
  3053 | D:3      | 3053 ||| UPGRADING to war axe.
  3054 | D:3      | 3054 ||| DROPPING +2 hand axe.
  3121 | D:3      | Gained mutation: You have a pair of small antennae on your head. [demonic ancestry]
  3121 | D:3      | Reached XP level 5. HP: 30/41 MP: 5/5
  3321 | D:3      | 3321 ||| UPGRADING to cloak.
  3326 | D:3      | 3326 ||| UPGRADING to runed leather armour.
  3336 | D:3      | 3336 ||| READING scroll of remove curse.
  3337 | D:3      | 3337 ||| UPGRADING to +0 scale mail.
  3350 | D:3      | 3350 ||| DROPPING -2 leather armour.
  3351 | D:3      | 3351 ||| READING scroll labeled ERAYQO ARPHEDY.
  3352 | D:3      | 3352 ||| DRINKING 2 puce potions.
  3353 | D:3      | 3353 ||| READING 4 scrolls of identify.
  3353 | D:3      | 3353 ||| IDENTIFYING smoky emerald potion
  3354 | D:3      | 3354 ||| READING 3 scrolls of identify.
  3354 | D:3      | 3354 ||| IDENTIFYING bubbling golden potion
  3355 | D:3      | 3355 ||| READING 2 scrolls of identify.
  3355 | D:3      | 3355 ||| IDENTIFYING ruby potion
  3709 | D:4      | Noticed a phantom
  3726 | D:4      | Killed a phantom
  3726 | D:4      | Reached skill level 6 in Axes
  3726 | D:4      | Gained mutation: You sometimes gain a little power by taking damage. [demonic ancestry]
  3726 | D:4      | Reached XP level 6. HP: 47/47 MP: 6/6
  3769 | D:4      | Noticed an ogre
  3777 | D:4      | 3777 ||| INVOKING Berserk.
  3783 | D:4      | Killed an ogre
  4349 | D:4      | 4349 ||| UPGRADING to chain mail.
  4359 | D:4      | 4359 ||| DROPPING +0 scale mail.
  4360 | D:4      | 4360 ||| READING scroll labeled ENAFAF GIDDO.
  4361 | D:4      | 4361 ||| READING scroll labeled TANUUCULEI.
  4362 | D:4      | 4362 ||| READING scroll labeled SUGATEI CUTTA.
  4363 | D:4      | 4363 ||| READING 5 scrolls of identify.
  4363 | D:4      | 4363 ||| IDENTIFYING red potion
  4364 | D:4      | 4364 ||| DRINKING potion of experience.
  4364 | D:4      | Reached skill level 10 in Axes
  4364 | D:4      | Reached XP level 7. HP: 52/52 MP: 7/7
  4365 | D:4      | 4365 ||| READING 4 scrolls of identify.
  4365 | D:4      | 4365 ||| IDENTIFYING gluggy blue potion
  4366 | D:4      | 4366 ||| READING 3 scrolls of identify.
  4366 | D:4      | 4366 ||| IDENTIFYING bubbling yellow potion
  4367 | D:4      | 4367 ||| EATING fruit.
  4368 | D:4      | 4368 ||| READING 2 scrolls of identify.
  4368 | D:4      | 4368 ||| IDENTIFYING bubbling orange potion
  4432 | D:5      | Entered Level 5 of the Dungeon
  4432 | D:5      | Noticed AnnoyedKobold's ghost (average DrCj)
  4434 | D:5      | 4434 ||| STAIRDANCE
  4552 | D:5      | 4552 ||| STAIRDANCE
  4557 | D:4      | 4557 ||| INVOKING Berserk.
  4559 | D:4      | HP: 19/79 [wight/halberd (1)]
  4560 | D:4      | Gained mutation: You sometimes gain power by taking damage. [demonic ancestry]
  4560 | D:4      | Reached XP level 8. HP: 21/60 MP: 8/8
  4569 | D:4      | 4569 ||| EATING beef jerky.
  4767 | D:5      | 4767 ||| INVOKING Berserk.
  4771 | D:5      | Killed AnnoyedKobold's ghost
  4777 | D:5      | 4777 ||| STAIRDANCE
  4877 | D:5      | Found a snail-covered altar of Cheibriados.
  4932 | D:5      | Found a shimmering altar of Xom.
  4932 | D:5      | Noticed an angel
  4957 | D:5      | Found a glowing silver altar of Zin.
  5017 | D:5      | 5017 ||| INVOKING Berserk.
  5329 | D:5      | Found Recoefem's Distillery.
  5335 | D:5      | 5335 ||| UPGRADING to pair of boots.
  5340 | D:5      | 5340 ||| READING scroll labeled UTIPLU ASKEU.
  5341 | D:5      | 5341 ||| READING 2 scrolls of identify.
  5341 | D:5      | 5341 ||| IDENTIFYING shiny ivory ring
  5342 | D:5      | 5342 ||| UPGRADING to +1 ring of protection.
  5631 | D:6      | 5631 ||| INVOKING Berserk.
  5699 | D:6      | Acquired Trog's third power
  5793 | D:6      | 5793 ||| INVOKING Berserk.
  5858 | D:6      | Reached XP level 9. HP: 63/68 MP: 9/9
  5989 | D:6      | 5989 ||| INVOKING Berserk.
  6373 | D:6      | Reached skill level 11 in Axes
  6776 | D:6      | Noticed Sigmund
  6780 | D:6      | 6780 ||| INVOKING Berserk.
  6789 | D:6      | Killed Sigmund
  6789 | D:6      | Received a gift from Trog
  7249 | D:7      | 7249 ||| INVOKING Berserk.
  7284 | D:7      | 7284 ||| EATING slice of pizza.
  7291 | D:7      | Found a staircase to the Ecumenical Temple.
  7298 | D:7      | 7298 ||| READING scroll of enchant weapon.
  7298 | D:7      | 7298 ||| ENCHANTING +0 war axe.
  7331 | D:7      | 7331 ||| INVOKING Berserk.
  7349 | D:7      | 7349 ||| READING 3 scrolls of teleportation.
  7430 | D:7      | 7430 ||| INVOKING Berserk.
  7462 | D:7      | 7462 ||| READING 2 scrolls of teleportation.
  7462 | D:7      | HP: 17/69 [ice beast (10)]
  7463 | D:7      | 7463 ||| DRINKING 2 potions of heal wounds.
  7928 | D:7      | Noticed Crazy Yiuf
  7932 | D:7      | 7932 ||| INVOKING Berserk.
  7933 | D:7      | Killed Crazy Yiuf
  8017 | D:7      | 8017 ||| UPGRADING to plate armour.
  8027 | D:7      | 8027 ||| UPGRADING to runed cloak.
  8037 | D:7      | 8037 ||| DROPPING +0 cloak.
  8038 | D:7      | 8038 ||| DROPPING +0 chain mail.
  8060 | D:8      | 8060 ||| READING scroll of enchant weapon.
  8060 | D:8      | 8060 ||| ENCHANTING +1 war axe.
  8078 | D:8      | Found Kicegump's Book Shoppe.
  8299 | D:8      | 8299 ||| READING scroll of enchant weapon.
  8299 | D:8      | 8299 ||| ENCHANTING +2 war axe.
  8447 | D:8      | Reached skill level 6 in Fighting
  8593 | D:8      | Reached skill level 12 in Axes
  8593 | D:8      | Gained mutation: You have a pair of antennae on your head. [demonic ancestry]
  8593 | D:8      | Reached XP level 10. HP: 50/76 MP: 10/10
  8617 | D:8      | 8617 ||| INVOKING Berserk.
  8914 | D:8      | 8914 ||| INVOKING Berserk.
  8984 | D:8      | Received a gift from Trog
  9055 | D:8      | 9055 ||| INVOKING Berserk.
  9352 | D:8      | 9352 ||| READING 4 scrolls of identify.
  9352 | D:8      | 9352 ||| IDENTIFYING dented diamond amulet
  9353 | D:8      | 9353 ||| DROPPING amulet of rage.
  9354 | D:8      | 9354 ||| READING 3 scrolls of identify.
  9354 | D:8      | 9354 ||| IDENTIFYING silver ring
  9355 | D:8      | 9355 ||| DROPPING cursed ring of loudness.
  9356 | D:8      | 9356 ||| READING 2 scrolls of identify.
  9356 | D:8      | 9356 ||| IDENTIFYING sedimented emerald potion
  9459 | D:9      | 9459 ||| INVOKING Berserk.
  9527 | D:9      | 9527 ||| UPGRADING to battleaxe.
  9528 | D:9      | 9528 ||| DROPPING +3 war axe.
  9534 | D:9      | Found a bloodstained altar of Trog.
  9578 | D:9      | 9578 ||| INVOKING Berserk.
  9659 | D:9      | 9659 ||| INVOKING Berserk.
  9661 | D:9      | HP: 25/114 [efreet/bolt of fire (16)]
  9791 | D:9      | 9791 ||| INVOKING Berserk.
  9826 | D:9      | 9826 ||| EATING 2 beef jerkies.
  9904 | D:9      | Noticed Erolcha
  9905 | D:9      | 9905 ||| INVOKING Trog's Hand.
  9906 | D:9      | 9906 ||| INVOKING Brothers in Arms.
  9907 | D:9      | 9907 ||| INVOKING Berserk.
  9911 | D:9      | Killed Erolcha
  9916 | D:9      | 9916 ||| EATING beef jerky.
 10388 | D:9      | 10388 ||| DRINKING potion of experience.
 10388 | D:9      | Reached skill level 14 in Axes
 10388 | D:9      | Gained mutation: You have a pair of large antennae on your head (SInv). [demonic ancestry]
 10388 | D:9      | Reached XP level 11. HP: 83/83 MP: 11/11
 10705 | D:10     | Entered Level 10 of the Dungeon
 10705 | D:10     | Noticed Sonja
 10706 | D:10     | 10706 ||| INVOKING Brothers in Arms.
 10716 | D:10     | Noticed a hill giant
 10719 | D:10     | 10719 ||| INVOKING Berserk.
 10720 | D:10     | Killed a hill giant
 10731 | D:10     | 10731 ||| READING 2 scrolls of teleportation.
 10734 | D:10     | 10734 ||| EATING 5 bread rations.
 10749 | D:10     | 10749 ||| READING scroll of teleportation.
 10751 | D:10     | Noticed Snorg
 10752 | D:10     | 10752 ||| INVOKING Brothers in Arms.
 10753 | D:10     | HP: 19/83 [killer bee (3)]
 10754 | D:10     | 10754 ||| DRINKING 2 potions of heal wounds.
 10756 | D:10     | 10756 ||| DRINKING potion of heal wounds.
 10757 | D:10     | HP: 4/83 [Snorg (6)]
 10757 | D:10     | Slain by Snorg

Vault maps used:
D:1:      dpeg_arrival_rhombi, st_stairs_1, dk_noncrumbling_3
D:2:      lemuel_crystal_altar
D:3:      grunt_temple_overflow_magic_moments
D:4:      first_bread
D:5:      grunt_temple_overflow_order_and_chaos_1, lemuel_crystal_altar,
          serial_shops, shop_statue
D:6:      portal_sewer_entry_f, uniq_sigmund
D:7:      minmay_temple_entry_purple_smoke, uniq_crazy_yiuf_cottage
D:8:      nicolae_overflow_hidden_temple, serial_shops, kennysheep_mini_moat
D:9:      trog_ov_bears_minmay, uniq_erolcha
D:10:     hangedman_tell_no_tales, uniq_snorg, uniq_sonja

Action                   |  1- 3 |  4- 6 |  7- 9 | 10-12 || total
-------------------------+-------+-------+-------+-------++-------
Melee: Hand axe          |   165 |    73 |       |       ||   238
       War axe           |       |    90 |   411 |    57 ||   558
       Battleaxe         |       |       |       |    92 ||    92
Throw: Javelin           |       |       |    44 |    17 ||    61
       Tomahawk          |       |       |       |    14 ||    14
Invok: Berserk           |     5 |     3 |    11 |     9 ||    28
       Burn Spellbooks   |       |     3 |       |       ||     3
       Brothers in Arms  |       |       |       |     3 ||     3
       Trog's Hand       |       |       |       |     1 ||     1
  Use: Scroll            |     3 |    13 |    10 |     5 ||    31
       Potion            |       |     3 |     1 |     3 ||     7
 Stab: Distracted        |       |     1 |       |     1 ||     2
  Eat: Chunk             |     4 |    10 |    22 |    12 ||    48
       Fruit             |     4 |       |     1 |       ||     5
       Beef jerky        |     1 |       |     1 |     2 ||     4
       Pizza             |       |       |     1 |       ||     1
       Bread ration      |       |       |       |     1 ||     1
